 Dungeon Crawl Stone Soup version 0.29-a0-993-g4a18f31a58 (webtiles) character file.

Game seed: 16855115421143240628

115546 vurker the Slayer (level 16, -4/167 HPs)
             Began as a Hill Orc Berserker on Aug 2, 2022.
             Was a High Priest of Trog.
             Slain by a tengu warrior
             ... wielding a +0 battleaxe
              (17 damage)
             ... on level 15 of the Dungeon.
             The game lasted 00:32:13 (26604 turns).

vurker the Slayer (Hill Orc Berserker)             Turns: 26604, Time: 00:32:13

Health: -4/167     AC: 24    Str: 30    XL:     16   Next: 69%
Magic:  0/16       EV: 13    Int:  7    God:    Trog [*****.]
Gold:   2986       SH:  0    Dex: 10    Spells: 15/15 levels left

rFire   + . .      SeeInvis .   a - +12 battleaxe of Tender Mercy {vorpal, Str+2}
rCold   + . .      Faith    .   (shield currently unavailable)
rNeg    . . .      Spirit   +   y - +2 scale mail {rC+}
rPois   .          Reflect  .   n - +0 helmet
rElec   +          Harm     .   E - +2 cloak
rCorr   .          Rampage  .   (no gloves)
Will    ++++.                   g - +1 pair of boots "Simets" {rElec rF+}
Stlth   ..........              i - amulet of guardian spirit
HPRegen 1.37/turn               B - +4 ring of protection
MPRegen 0.15/turn               z - ring of willpower

@: strong-willed, on berserk cooldown, regenerating, slowed, very slow
A: no striking features
a: Renounce Religion, Berserk, Trog's Hand, Brothers in Arms


You were on level 15 of the Dungeon.
You worshipped Trog.
Trog was extremely pleased with you.
You visited 3 branches of the dungeon, and saw 22 of its levels.
You also visited: Ice Cave.

You collected 3518 gold pieces.
You spent 532 gold pieces at shops.

Inventory:

Hand Weapons
 a - the +12 battleaxe of Tender Mercy (weapon) {vorpal, Str+2}
   (You acquired it on level 3 of the Dungeon)

   It inflicts extra damage upon your enemies.
   Str:       It affects your strength (+2).
 b - a +4 antimagic battleaxe
   (Trog gifted it to you on level 2 of the Lair of Beasts)
Armour
 g - the +1 pair of boots "Simets" (worn) {rElec rF+}
   (You bought it in a shop on level 2 of the Orcish Mines)

   rF:        It protects you from fire.
   rElec:     It insulates you from electricity.
 n - a +0 helmet (worn)
   (You found it on level 4 of the Dungeon)
 y - a +2 scale mail of cold resistance (worn)
   (You took it off an orc on level 6 of the Dungeon)
 E - a +2 cloak (worn)
   (You found it on level 5 of the Lair of Beasts)
Jewellery
 i - an amulet of guardian spirit (around neck)
   (You found it on level 3 of the Dungeon)
 m - a ring of see invisible
   (You found it on level 2 of the Dungeon)
 u - the amulet of Gycrump {Reflect rElec SH+5}
   (You acquired it on level 3 of the Dungeon)

   [amulet of reflection]

   It reflects blocked missile attacks.
   rElec:     It insulates you from electricity.
   SH:        It affects your SH (+5).
 z - a ring of willpower (right hand)
   (You found it on level 8 of the Dungeon)
 B - a +4 ring of protection (left hand)
   (You took it off a kobold on level 8 of the Dungeon)
 G - a ring of positive energy
   (You found it on level 9 of the Dungeon)
 K - a ring of resist corrosion
   (You found it on level 1 of the Lair of Beasts)
 P - the ring "Egubaase" {Ice Dex+3}
   (You found it on level 2 of the Lair of Beasts)

   [ring of ice]

   It enhances your ice magic.
   Dex:       It affects your dexterity (+3).
   rF:        It makes you vulnerable to fire.
   rC:        It protects you from cold.
Wands
 d - a wand of iceblast (21)
   (You found it on level 10 of the Dungeon)
 r - a wand of charming (48)
   (You took it off Ijyb on level 5 of the Dungeon)
 t - a wand of flame (16)
   (You found it on level 5 of the Lair of Beasts)
 v - a wand of digging (3)
   (You found it on level 8 of the Dungeon)
 x - a wand of acid (5)
   (You found it on level 8 of the Dungeon)
 O - a wand of polymorph (7)
   (You found it on level 2 of the Lair of Beasts)
Scrolls
 c - 16 scrolls of teleportation
 l - 5 scrolls of blinking
 p - 2 scrolls of silence
 q - 4 scrolls of enchant weapon
 s - 2 scrolls of identify
 w - a scroll of summoning
 A - a scroll of brand weapon
 F - 7 scrolls of vulnerability
 H - 3 scrolls of fog
 L - 2 scrolls of enchant armour
 M - 2 scrolls of fear
 N - 3 scrolls of magic mapping
Potions
 e - 4 potions of ambrosia
 f - 3 potions of lignification
 h - 8 potions of heal wounds
 j - 2 potions of resistance {unknown}
 k - 10 potions of might
 o - 11 potions of curing
 C - 3 potions of flight
 D - 8 potions of mutation
 I - a potion of invisibility {unknown}
 J - 5 potions of haste
 Q - a potion of berserk rage {unknown}


   Skills:
 * Level 21.0 Fighting
 - Level 20.0 Axes
 * Level 14.7 Armour
 + Level 8.8 Dodging
 - Level 7.8 Shields


You had 15 spell levels left.
You didn't know any spells.
Your spell library was empty.

Dungeon Overview and Level Annotations

Branches:
Dungeon (15/15)            Temple (0/1) D:5            Lair (5/5) D:10
  Swamp (0/4) Lair:2       Spider (0/4) Lair:2        Slime (0/5) Lair:5
    Orc (2/2) D:9             Elf (0/3) Orc:2        Vaults (0/5) D:14
  IceCv (visited)
 Depths: D:15

Altars:
Cheibriados
Dithmenos
Elyvilon
Hepliaklqana
Okawaru
Qazlal
Sif Muna
Vehumet
Xom
Yredelemnul
Zin
The Shining One
Jiyva

Shops:
D:6 :([(   D:10 *   Orc:2 *[[([

Annotations:
D:4 3 runed translucent doors, Peppero's ghost, amateur DjCj; leavemydog's ghost, amateur HOFi; nago's ghost, amateur DjEn; zurenarrh's ghost, amateur HOFi
Lair:3 1 runed translucent door, Ririga's ghost, journeyman TrHW
Lair:5 Urug


Message History

* * * LOW HITPOINT WARNING * * *
The 11-headed hydra bites you but does no damage. x2
The 11-headed hydra bites you!
* * * LOW HITPOINT WARNING * * *
The 11-headed hydra bites you.
* * * LOW HITPOINT WARNING * * *
The 11-headed hydra bites you but does no damage. x3
The 11-headed hydra closely misses you.
You slice one of the 11-headed hydra's heads off!
The ten-headed hydra grows two more!
You slice the 12-headed hydra!!
You feel the power of Trog in you as your rage grows.
You kill the 12-headed hydra!
Trog accepts your kill.
You slice the necromancer like a ripe choko!!!
You kill the necromancer!
Trog accepts your kill.
Trog appreciates your killing of a magic user.
You hit something.
A freezing mist starts to gather...
A 12-headed hydra simulacrum comes into view.
Something barely misses you.
You feel a strong urge to attack something.
A tengu warrior comes into view. It is wielding a +0 battleaxe.
You feel your anger nearly subside.
You are no longer berserk.
You are exhausted.
You feel yourself slow down.
You miss something. Something hits you but does no damage.
Something hits you but does no damage.
Unknown command.
You miss something. Something hits you but does no damage.
Your deep troll goes berserk!
You hear some strange, mumbled words.
You miss something. You hit the tengu warrior.
Something hits you but does no damage.
Your deep troll bites something!!!
Trog accepts your kill.
Trog appreciates your killing of a magic user.
Reactivating autopickup.
You feel a bit more experienced.
You lop one of the 12-headed hydra simulacrum's heads off!
You carve the 11-headed hydra simulacrum like a ham!!!
You closely miss the tengu warrior.
The tengu warrior hits you with a +0 battleaxe!!
* * * LOW HITPOINT WARNING * * *
The tengu warrior misses you.
The tengu warrior claws you but does no damage.
The tengu warrior hits you with a +0 battleaxe!!
You die...

# #. .#
####.####.#
#..)#)....#
#..$).###.#
#.Z.#.....#
##..#Q☼####
##.#T@#
#.#.)###########
#.#............#
#
#.##.#########.#
## #. #.# #.#
##. #.# #.# #.#
#.# #.#####. #..
#....... ###
########


You could see a tengu warrior (soul bound, ally target) and a friendly deep
troll (summoned, berserk).

Vanquished Creatures
  A frost giant (IceCv)
  An ettin (D:15)
  A fire dragon (Lair:5)
  An ice dragon (D:12)
  2 catoblepae (Lair:2)
  10 hydras
  3 ogre magi
  4 boulder beetles
  7 centaur warriors
  2 tengu warriors (D:15)
  16 two-headed ogres
  9 death yaks (IceCv)
  Nergalle (D:10)
  A bog body (Lair:2)
  3 deep trolls
  A swamp dragon (Lair:5)
  2 wizards
  4 orc knights
  A necromancer (D:15)
  A lindwurm (Lair:2)
  A deep elf zephyrmancer (D:14)
  3 orc sorcerers (Orc:1)
  A deep elf pyromancer (D:15)
  6 ugly things
  4 cyclopes
  5 manticores
  A black mamba (shapeshifter) (D:13)
  A guardian serpent (shapeshifter) (D:13)
  An ice statue (IceCv)
  11 black mambas
  22 elephants
  6 cane toads
  Psyche (D:8)
  A gargoyle (D:7)
  12 rime drakes
  8 komodo dragons
  An unseen horror (D:12)
  2 efreet
  A tengu conjurer (D:15)
  12 trolls
  A tarantella (shapeshifter) (D:10)
  17 polar bears
  A hornet (Lair:3)
  A hornet (shapeshifter) (D:13)
  3 raiju (Lair:5)
  Prince Ribbit (Lair:2)
  12 slime creatures
  7 dream sheep (Lair:5)
  7 blink frogs (Lair:2)
  A jumping spider (shapeshifter) (D:13)
  A centaur simulacrum (D:13)
  2 shadows (D:13)
  2 vampires (D:11)
  4 wyverns
  4 basilisks
  79 yaks
  10 vampire mosquitoes
  A wraith (D:14)
  4 steam dragons
  6 wargs (Lair:5)
  4 acid dragons
  11 water moccasins
  12 hell hounds (Lair:5)
  2 sky beasts
  11 black bears (Lair:5)
  23 orc warriors
  An ice beast (D:6)
  31 wolves
  20 ogres
  10 centaurs
  4 kobold brigands
  8 bullfrogs
  A gnoll sergeant (D:10)
  2 scorpions
  10 wights (D:9)
  13 killer bees
  A howler monkey (D:6)
  2 hounds
  13 orc priests
  A gnoll bouda (D:7)
  8 jellies
  5 iguanas
  Ijyb (D:5)
  20 orc wizards
  10 gnolls
  6 adders
  A shadow imp (D:5)
  2 white imps (D:7)
  2 ufetubi (D:7)
  2 worms (D:4)
  6 dart slugs
  65 orcs
  A bat (D:1)
  9 endoplasms
  A giant cockroach (D:3)
  8 goblins
  7 hobgoblins
  2 jackals (D:2)
  15 kobolds
  6 ball pythons
  3 frilled lizards
  2 rats (D:2)
697 creatures vanquished.

Vanquished Creatures (collateral kills)
  3 two-headed ogres (Orc:2)
  A wizard (D:15)
  2 cyclopes
  A troll (Orc:2)
  3 ogres (Orc:2)
10 creatures vanquished.

Vanquished Creatures (others)
  A wind drake (shapeshifter) (D:13)
  An electric eel (Lair:2)
  An iguana (Lair:5)
  An orc wizard (D:8)
  An ufetubus (D:6)
  2 orcs (D:6)
  17 fungi
  49 plants
  10 toadstools (Lair:2)
  A withered plant (D:4)
84 creatures vanquished.

Grand Total: 791 creatures vanquished

Notes
Turn   | Place    | Note
-------+----------+-------------------------------------------
     0 | D:1      | vurker the Hill Orc Berserker began the quest for the Orb.
     0 | D:1      | Reached XP level 1. HP: 19/19 MP: 1/1
   289 | D:1      | Reached XP level 2. HP: 19/27 MP: 2/2
   673 | D:1      | Reached skill level 4 in Fighting
  1033 | D:1      | Reached skill level 5 in Axes
  1033 | D:1      | Reached XP level 3. HP: 33/33 MP: 3/3
  1547 | D:2      | Found a faded altar of an unknown god.
  1596 | D:2      | Reached ** piety under Trog
  2007 | D:2      | Reached XP level 4. HP: 41/41 MP: 4/4
  2999 | D:3      | Identified a scroll of acquirement
  2999 | D:3      | Acquired the amulet of Gycrump {Reflect rElec SH+5}
  3066 | D:3      | Acquired the +12 battleaxe of Tender Mercy {vorpal, Str+2}
  3666 | D:4      | Reached XP level 5. HP: 47/47 MP: 5/5
  3670 | D:4      | Identified the +2 leather armour "Egusmef" {rPois}
  3779 | D:4      | Noticed an ogre
  3784 | D:4      | Killed an ogre
  3785 | D:4      | Reached skill level 5 in Fighting
  3880 | D:4      | Found a runed translucent gate.
  3880 | D:4      | Found a runed translucent gate.
  3880 | D:4      | Found a runed translucent gate.
  3882 | D:4      | Noticed leavemydog's ghost (amateur HOFi)
  3882 | D:4      | Noticed nago's ghost (amateur DjEn)
  3883 | D:4      | Noticed Peppero's ghost (amateur DjCj)
  3883 | D:4      | Noticed zurenarrh's ghost (amateur HOFi)
  3907 | D:4      | Reached XP level 6. HP: 56/56 MP: 6/6
  4386 | D:5      | Entered Level 5 of the Dungeon
  4433 | D:5      | Noticed Ijyb
  4436 | D:5      | Killed Ijyb
  4508 | D:5      | Found a staircase to the Ecumenical Temple.
  4559 | D:5      | Reached skill level 6 in Fighting
  4560 | D:5      | Found a shadowy altar of Dithmenos.
  4897 | D:5      | Reached XP level 7. HP: 63/63 MP: 7/7
  5153 | D:6      | Reached skill level 10 in Axes
  5154 | D:6      | Reached skill level 7 in Fighting
  5154 | D:6      | Reached *** piety under Trog
  5155 | D:6      | Reached XP level 8. HP: 73/73 MP: 8/8
  5747 | D:6      | Found Benneomu's Antique Armour Shop.
  5747 | D:6      | Found Hyanips's Antique Weapon Shop.
  5753 | D:6      | Found Woos Jue's Weapon Shop.
  5754 | D:6      | Found Plog's Book Shop.
  6083 | D:7      | Reached skill level 8 in Fighting
  6232 | D:7      | Noticed a two-headed ogre
  6238 | D:7      | Killed a two-headed ogre
  6239 | D:7      | Reached skill level 9 in Fighting
  6239 | D:7      | Reached XP level 9. HP: 83/83 MP: 9/9
  6497 | D:7      | Found a white marble altar of Elyvilon.
  6557 | D:7      | Found a snail-covered altar of Cheibriados.
  6837 | D:7      | Noticed a boulder beetle
  6840 | D:7      | Noticed a gargoyle
  6840 | D:7      | Noticed an efreet
  6840 | D:7      | Noticed a cyan ugly thing
  6847 | D:7      | Killed a cyan ugly thing
  6847 | D:7      | Killed an efreet
  6848 | D:7      | Reached skill level 10 in Fighting
  6848 | D:7      | Reached skill level 15 in Axes
  6848 | D:7      | Reached XP level 10. HP: 89/93 MP: 10/10
  6850 | D:7      | Killed a boulder beetle
  6853 | D:7      | Killed a gargoyle
  6992 | D:7      | Noticed a centaur warrior
  6998 | D:7      | Killed a centaur warrior
  6999 | D:7      | Reached skill level 11 in Fighting
  8111 | D:8      | Found a stormy altar of Qazlal.
  8270 | D:8      | Noticed Psyche
  8274 | D:8      | Killed Psyche
  8275 | D:8      | Reached XP level 11. HP: 104/104 MP: 11/11
  8477 | D:9      | Reached skill level 12 in Fighting
  8615 | D:9      | Noticed a two-headed ogre
  8619 | D:9      | Killed a two-headed ogre
  8714 | D:9      | Found a staircase to the Orcish Mines.
  8718 | D:9      | Reached **** piety under Trog
  9275 | D:9      | Found a radiant altar of Vehumet.
  9278 | D:9      | Found an iron altar of Okawaru.
  9280 | D:9      | Found a basalt altar of Yredelemnul.
  9699 | D:10     | Entered Level 10 of the Dungeon
  9755 | D:10     | Noticed Nergalle
  9777 | D:10     | Reached skill level 13 in Fighting
  9784 | D:10     | Killed Nergalle
  9914 | D:10     | Found a staircase to the Lair.
  9968 | D:10     | Identified the +3 robe of Darkness {Int+3}
 10289 | D:10     | Reached XP level 12. HP: 107/115 MP: 12/12
 10323 | D:10     | Noticed a two-headed ogre
 10329 | D:10     | Killed a two-headed ogre
 10418 | D:10     | Found Pairruin's Changing Room.
 10569 | Lair:1   | Entered Level 1 of the Lair of Beasts
 10582 | Lair:1   | Reached skill level 14 in Fighting
 11214 | Lair:1   | Reached ***** piety under Trog
 11219 | Lair:1   | Reached skill level 1 in Shields
 11683 | Lair:1   | Noticed a seven-headed hydra
 11690 | Lair:1   | Killed a three-headed hydra
 11691 | Lair:1   | Reached skill level 15 in Fighting
 12163 | Lair:2   | Found a hole to the Spider Nest.
 12188 | Lair:2   | Noticed a catoblepas
 12198 | Lair:2   | Reached skill level 5 in Armour
 12198 | Lair:2   | Noticed a five-headed hydra
 12204 | Lair:2   | Killed a catoblepas
 12216 | Lair:2   | Reached XP level 13. HP: 40/127 MP: 13/13
 12674 | Lair:2   | Found a runed translucent door.
 12831 | Lair:2   | Received a gift from Trog
 12924 | Lair:2   | Found a staircase to the Swamp.
 12959 | Lair:2   | Reached skill level 16 in Fighting
 13192 | Lair:2   | Noticed Prince Ribbit
 13196 | Lair:2   | Killed Prince Ribbit
 13210 | Lair:2   | Reached skill level 5 in Shields
 14306 | Lair:2   | Identified the ring "Egubaase" {Ice Dex+3}
 14378 | Lair:3   | Found a shimmering altar of Xom.
 14439 | Lair:3   | Reached skill level 5 in Dodging
 14802 | Lair:3   | Found a runed translucent door.
 14803 | Lair:3   | Noticed Ririga's ghost (journeyman TrHW)
 15615 | Lair:4   | Reached skill level 17 in Fighting
 15715 | Lair:4   | Reached XP level 14. HP: 125/140 MP: 14/14
 16773 | Lair:5   | Entered Level 5 of the Lair of Beasts
 16836 | Lair:5   | Found a staircase to the Slime Pits.
 16848 | Lair:5   | Found a viscous altar of Jiyva.
 17122 | Lair:5   | Noticed Urug
 17489 | Lair:5   | Reached ****** piety under Trog
 17704 | Lair:5   | Received a gift from Trog
 17818 | Lair:5   | Reached skill level 10 in Armour
 17968 | Lair:5   | Reached skill level 18 in Fighting
 18831 | Orc:1    | Entered Level 1 of the Orcish Mines
 18971 | Orc:2    | Entered Level 2 of the Orcish Mines
 19012 | Orc:2    | Received a gift from Trog
 19253 | Orc:2    | Found a staircase to the Elven Halls.
 19437 | Orc:2    | Found Peud's Antique Armour Emporium.
 19441 | Orc:2    | Reached XP level 15. HP: 129/150 MP: 15/15
 19443 | Orc:2    | Found Wuixeqat's Weapon Emporium.
 19931 | Orc:1    | Reached skill level 19 in Fighting
 20666 | Orc:2    | Found Lesuraq's Gadget Gallery.
 21014 | Orc:2    | Found Ufruune's Antique Armour Shop.
 21023 | Orc:2    | Found Rovihimn's Armour Shoppe.
 21081 | Orc:2    | Received a gift from Trog
 21281 | Orc:2    | Bought a pair of ichor-stained boots for 266 gold pieces
 21281 | Orc:2    | Identified the +1 pair of boots "Simets" {rElec rF+} (You
                  | bought it in a shop on level 2 of the Orcish Mines)
 21281 | Orc:2    | Bought a pair of warped boots for 266 gold pieces
 21281 | Orc:2    | Identified the +1 pair of boots of Daisies {Rampage Dex+2}
                  | (You bought it in a shop on level 2 of the Orcish Mines)
 22266 | D:12     | Found a frozen archway.
 22295 | IceCv    | Entered an ice cave
 22961 | IceCv    | Noticed a frost giant
 22971 | IceCv    | Received a gift from Trog
 22975 | IceCv    | Killed a frost giant
 23419 | D:12     | Reached skill level 20 in Fighting
 23438 | D:12     | Reached XP level 16. HP: 120/162 MP: 11/16
 24752 | D:13     | Identified the +10 short sword "Cedames" {flame, rCorr
                  | Dex+3}
 24921 | D:14     | Received a gift from Trog
 25001 | D:14     | Identified the +8 shortbow of Titeocw {speed, rCorr}
 25632 | D:14     | Found a gate to the Vaults.
 25814 | D:14     | Found a hazy altar of Hepliaklqana.
 25816 | D:14     | Found a snail-covered altar of Cheibriados.
 25816 | D:14     | Found a shimmering altar of Xom.
 25818 | D:14     | Found a shimmering blue altar of Sif Muna.
 25818 | D:14     | Found a glowing silver altar of Zin.
 25818 | D:14     | Found a glowing silver altar of Zin.
 25930 | D:15     | Entered Level 15 of the Dungeon
 26034 | D:15     | Acquired 647 gold pieces
 26463 | D:15     | Found a glowing golden altar of the Shining One.
 26464 | D:15     | Found a glowing silver altar of Zin.
 26465 | D:15     | Found a white marble altar of Elyvilon.
 26482 | D:15     | Found a stormy altar of Qazlal.
 26593 | D:15     | Reached skill level 21 in Fighting
 26604 | D:15     | Slain by a tengu warrior

Illustrated notes

Levels and vault maps discovered:
D:1:      dpeg_arrival_rooms_a, layout_basic, solitary_fountain
D:2:      layout_basic, shapermc_ecumenical_altar_ellora, grunt_ministairs_10
D:3:      layout_basic
D:4:      layout_basic, gammafunk_ghost_cemetery
D:5:      layout_loops_ring, grunt_dithmenos_smoke_and_mirrors,
          minmay_temple_entry_from_below_a, uniq_ijyb
D:6:      layout_rooms, minmay_shop_grid_forest
D:7:      nzn_winding_woodlands_stair_cross
          [nzn_winding_woodlands_5x15_longhouse,
          nzn_winding_woodlands_center_garden,
          nzn_winding_woodlands_5x15_jagged, nzn_winding_woodlands_5x5_cross,
          nzn_winding_woodlands_5x5_open_star,
          nzn_winding_woodlands_5x15_parted,
          nzn_winding_woodlands_center_diamonds,
          nzn_winding_woodlands_5x15_lazy_stream], layout_basic,
          overflow_temple_1_default, lemuel_doored_altar,
          minmay_misc_feat_rugged, minmay_microvault
D:8:      layout_basic, kennysheep_mini_moat, uniq_psyche
D:9:      layout_basic, grunt_temple_overflow_diamond, orc_david_3
D:10:     layout_basic, david_lair_shrubbed, st_stairs_6,
          nicolae_transmutations_shop, kennysheep_nub, uniq_nergalle
D:11:     layout_loops_ring, chequers_serial_rivers_micro_d
D:12:     layout_irregular_city, portal_ice_cave_entry_animals_and_master
D:13:     layout_big_octagon, minivault_12
D:14:     layout_irregular_city, david_vaults_1, doesnt_xom_only_xom,
          kennysheep_generic_room_12
D:15:     hangedman_depths_entry_civil_slaughter, layout_loops_ring,
          good_gods_temple_1, nicolae_qazlal_general_emergency
Lair:1:   layout_loops_ring, nicolae_lair_lil_pond, st_stairs_4,
          grunt_megastairs_1
Lair:2:   gammafunk_lair_enchanted_lake, layout_regular_city,
          skrybe_swamp_entry_bodies, dummy_spider_entry, uniq_prince_ribbit2
Lair:3:   layout_cave_pods, basic_altar, hellmonk_ghost_happy_afterlife
Lair:4:   layout_cave_shapes, chequers_serial_rivers_small_b,
          grunt_megastairs_3, serial_bayou_shore_b
Lair:5:   guppyfry_lair_end_dragon, layout_hall_layers,
          hangedman_lair_caniforms_friends, nicolae_slime_entry_slimehenge,
          nicolae_quartered_pool_little, uniq_urug
Orc:1:    layout_diamond_mine
Orc:2:    st_orc_open, layout_diamond_mine, nicolae_shop_gadgets

Skill      XL: |  1  2  3  4  5  6  7  8  9 10 11 12 13 14 15 16 |
---------------+-------------------------------------------------+-----
Fighting       | 4 5 6 7 9 10 11 13 15 17 18 20 21 | 21.0
Axes           | 5 6 7 8 10 13 15 17 19 20 | 20.0
Dodging        | 4 5 6 8 |  8.8
Armour         | 5 8 10 13 14 | 14.7
Shields        | 3 6 7 |  7.8

Action                   |  1- 3 |  4- 6 |  7- 9 | 10-12 | 13-15 | 16-18 || total
-------------------------+-------+-------+-------+-------+-------+-------++-------
Melee: Hand axe          |    96 |    48 |       |       |       |       ||   144
       Punch             |     2 |       |       |     1 |       |       ||     3
       Battleaxe         |       |    46 |    61 |   279 |   677 |   192 ||  1255
       Broad axe         |       |       |       |    11 |    25 |       ||    36
Invok: Berserk           |     1 |     1 |     3 |     4 |     3 |     2 ||    14
       Trog's Hand       |       |       |     1 |     1 |     1 |     4 ||     7
       Brothers in Arms  |       |       |       |       |     1 |     2 ||     3
Evoke: Wand              |       |       |       |       |       |     1 ||     1
  Use: Scroll            |     1 |    13 |       |     8 |    12 |     1 ||    35
 Stab: Sleeping          |     1 |       |       |       |       |       ||     1
       Petrified         |       |       |       |     4 |       |       ||     4
Armor: Animal skin       |    18 |       |       |       |       |       ||    18
       Ring mail         |       |    26 |    28 |     8 |       |       ||    62
       Scale mail        |       |       |       |    75 |   326 |   165 ||   566
Dodge: Dodged            |    48 |    40 |    45 |   104 |   276 |   121 ||   634
Block: Other             |       |     6 |    17 |    44 |   100 |       ||   167
       Reflection        |       |       |     1 |     3 |     1 |       ||     5

Table legend: (Time is in decaauts)
 A = Elapsed time spent in this place.
 B = Non-inter-level travel time spent in this place.
 C = Inter-level travel time spent in this place.
 D = Time resting spent in this place.
 E = Time spent auto-exploring this place.
 F = Levels seen in this place.
 G = Mean time per level.
                   A        B        C        D        E       F      G
               +--------+--------+--------+--------+--------+-----+--------+
         Total |  26564 |  24778 |   1786 |    635 |  20633 |  23 | 1155.0 |
       Dungeon |  15200 |  13964 |   1236 |    328 |  11653 |  15 | 1013.3 |
          Lair |   8292 |   7907 |    385 |    307 |   6632 |   5 | 1658.4 |
  Orcish Mines |   2239 |   2075 |    164 |      0 |   1724 |   2 | 1119.5 |
      Ice Cave |    832 |    832 |      0 |      0 |    624 |   1 |  832.0 |
               +--------+--------+--------+--------+--------+-----+--------+

Top non-repeatable levels by time:
  Lair:2: 2362 daAuts
  Lair:5: 1816 daAuts
  Lair:1: 1648 daAuts
     D:7: 1538 daAuts
     D:9: 1412 daAuts
  Lair:4: 1337 daAuts
     D:1: 1284 daAuts
     D:3: 1280 daAuts
     D:2: 1250 daAuts
   Orc:2: 1229 daAuts
  Lair:3: 1127 daAuts
    D:14: 1069 daAuts
   Orc:1: 1009 daAuts
     D:5: 992 daAuts
    D:12: 972 daAuts
